RedWings vs Predators

Created - 2 octobre 2018 at 17:09

Simulating a Pre-Season

Goals
1 2 3 T
RedWings 0 0 1 1
Predators 0 3 0 3
Shots
1 2 3 T
RedWings 11 3 10 24
Predators 14 19 10 43

1st period

No Goal

Penalties :
Filip Forsberg (DET) for Hooking (Minor) at 5:06

2nd period

1. Predators , Kyle Connor 1 (Steven Stamkos 1, Vladislav Namestnikov 1) at 7:59
2. Predators , Oscar Klefbom 1 (Vladislav Namestnikov 2, Colton Sissons 1) at 9:44 (PP)
3. Predators , Elias Lindholm 1 (Max Pacioretty 1, Shea Theodore 2) at 10:19

Penalties :
Oliver Ekman-Larsson (NSH) for Fighting (Major) at 4:06, Dennis Seidenberg (DET) for Fighting (Major) at 4:06, Jonathan Drouin (DET) for Slashing (Minor) at 8:00, Eric Gryba (DET) for Roughing (Minor) at 13:34

3rd period

4. RedWings , David Pastrnak 1 (Erik Haula 1, Andrew Cogliano 2) at 11:10 (PP)

Penalties :
Oliver Ekman-Larsson (NSH) for Interference (Minor) at 7:39, Phillip Danault (NSH) for Goalie Interference (Minor) at 9:54, Ben Lovejoy (DET) for Hooking (Minor) at 11:51

Goalie Stats

Roberto Luongo (DET), 40 saves from 43 shots - (0.930), L, 0-2-0, 60:00 minutes
Corey Crawford (NSH), 23 saves from 24 shots - (0.958), W, 1-1-0, 60:00 minutes

Players Stats for RedWings

Player Name              G  A  P  +/- PIM S  H  SB GA TA FO     MP     PP MP  PK MP  
------------------------------------------------------------------------------------
Andrew Cogliano          0  1  1  -1  0   1  0  0  0  0  1/1    15:11   1:32   0:00 
Ben Lovejoy              0  0  0  -1  2   0  2  1  0  0  0/0    16:34   0:00   0:00 
David Pastrnak           1  0  1  -1  0   7  1  0  0  0  0/1    15:11   1:32   0:00 
Dennis Seidenberg        0  0  0   0  5   0  2  0  0  0  0/0    17:30   1:05   4:06 
Eric Gryba               0  0  0  -1  2   0  1  0  0  0  0/0     4:29   0:00   0:08 
Erik Haula               0  1  1  -1  0   1  1  0  0  0  11/18  20:17   1:32   5:06 
Filip Forsberg           0  0  0   0  2   3  1  0  0  0  4/7    17:04   1:43   2:09 
Jake Gardiner            0  0  0  -1  0   1  1  4  0  0  0/0    24:34   2:10   2:49 
Jonathan Drouin          0  0  0   0  2   0  0  0  0  0  0/3    17:20   1:43   2:25 
Kris Russell             0  0  0   0  0   1  1  1  0  0  0/0    20:20   2:10   2:57 
Kyle Brodziak            0  0  0  -1  0   0  1  1  0  0  6/13   16:52   0:00   0:00 
Loui Eriksson            0  0  0   0  0   0  1  0  0  0  0/0     5:20   0:00   0:00 
Micheal Ferland          0  0  0  -1  0   3  1  0  0  0  1/2    16:52   0:00   0:00 
Paul Martin              0  0  0   0  0   2  0  0  0  0  0/0    19:41   1:05   4:44 
Sam Gagner               0  0  0  -1  0   0  0  0  0  0  1/1    16:52   0:00   0:00 
Sean Monahan             0  0  0   0  0   5  0  0  0  0  17/35  24:23   1:43   4:07 
Thomas Hickey            0  0  0  -1  0   0  1  2  0  0  0/0    16:49   0:00   0:38 
Tyler Toffoli            0  0  0   0  0   0  0  1  0  0  1/2     6:55   0:00   1:35 

Players Stats for Predators

Player Name              G  A  P  +/- PIM S  H  SB GA TA FO     MP     PP MP  PK MP  
------------------------------------------------------------------------------------
Antoine Roussel          0  0  0   0  0   0  1  0  0  0  0/0     6:05   0:00   0:38 
Colton Sissons           0  1  1   0  0   5  1  0  0  0  2/5     9:10   3:43   0:00 
Connor Murphy            0  0  0   0  0   1  1  0  0  0  0/0    14:49   0:22   1:08 
Elias Lindholm           1  0  1   1  0   5  0  0  0  0  1/3    19:39   3:58   0:43 
J.T. Compher             0  0  0   0  0   2  0  0  0  0  1/1    11:41   0:00   0:00 
J.T. Miller              0  0  0   1  0   1  1  0  0  0  8/13   20:50   3:58   1:54 
Jaden Schwartz           0  0  0   0  0   1  1  0  0  0  0/1    16:07   3:43   0:43 
Kyle Connor              1  0  1   1  0   1  0  0  0  0  1/2    16:58   0:00   0:00 
Max Pacioretty           0  1  1   1  0   2  0  0  0  0  0/0    14:58   0:00   0:00 
Nikita Zadorov           0  0  0   0  0   1  2  1  0  0  0/0    17:42   3:28   1:06 
Oliver Ekman-Larsson     0  0  0   1  7   4  2  2  0  0  0/0    20:54   3:11   0:55 
Oscar Klefbom            1  0  1   1  0   3  1  1  0  0  0/0    22:49   3:28   1:12 
Phillip Danault          0  0  0   0  2   4  2  0  0  0  8/18   11:46   0:00   0:06 
Roman Josi               0  0  0   0  0   3  0  1  0  0  0/0    25:38   4:13   2:09 
Shea Theodore            0  1  1   2  0   0  1  0  0  0  0/0    18:06   0:40   0:00 
Steven Stamkos           0  1  1   1  0   6  2  0  0  0  16/28  23:22   3:58   2:26 
Tyler Pitlick            0  0  0   0  0   0  0  0  0  0  0/1     5:27   0:00   0:00 
Vladislav Namestnikov    0  2  2   1  0   4  5  0  0  0  4/11   20:41   3:43   0:00 

3 Stars

1 - Vladislav Namestnikov (NSH)
2 - Oscar Klefbom (NSH)
3 - Kyle Connor (NSH)

Power Play

RedWings - 1 on 2 Attempt(s) - 50.00%
Predators - 1 on 4 Attempt(s) - 25.00%

Penalty Kill

RedWings - 3 on 4 Attempt(s) - 75.00% - Score 0 goal in Penalty Kill
Predators - 1 on 2 Attempt(s) - 50.00% - Score 0 goal in Penalty Kill

Team Stat

RedWings - Hits : 14 - Faceoff Wins : 42 - Blocked Shots : 10 - Penalty Minutes : 13
Predators - Hits : 20 - Faceoff Wins : 41 - Blocked Shots : 5 - Penalty Minutes : 9

Official

Referees : Dan O'Rourke and Kyle Rehman
Linesman : Ryan Galloway and Derek Amell

Game Notes

Dennis Seidenberg beats up Oliver Ekman-Larsson at 4:06 of 2nd period

% Time on Ice - RedWings

Lines # - Real PCT - Wanted PCT - Time Play
Normal Forward
1 - 27% - 40% - 13:13
2 - 28% - 30% - 13:39
3 - 34% - 20% - 16:52
4 - 11% - 10% - 5:20
Normal Defense
1 - 31% - 40% - 15:13
2 - 28% - 30% - 13:52
3 - 32% - 20% - 15:37
4 - 9% - 10% - 4:22
PP Forward
1 - 53% - 60% - 1:43
2 - 47% - 40% - 1:32
PP Defense
1 - 67% - 60% - 2:10
2 - 33% - 40% - 1:05
PK Forward
1 - 66% - 60% - 5:06
2 - 34% - 40% - 2:35
PK Defense
1 - 38% - 60% - 2:57
2 - 62% - 40% - 4:44
PK3 Forward
1 - 0% - 60%
2 - 0% - 40%
PK3 Defense
1 - 0% - 60%
2 - 0% - 40%
44 Forward
1 - 0% - 60%
2 - 0% - 40%
44 Defense
1 - 0% - 60%
2 - 0% - 40%
Last Minute Offensive  - 0:00
Last Minute Defensive  - 0:00
Total
Forward - 60:00
Defense - 60:00

% Time on Ice - Predators

Lines # - Real PCT - Wanted PCT - Time Play
Normal Forward
1 - 35% - 40% - 16:58
2 - 31% - 30% - 14:58
3 - 24% - 20% - 11:41
4 - 11% - 10% - 5:27
Normal Defense
1 - 36% - 40% - 17:33
2 - 34% - 30% - 16:40
3 - 27% - 20% - 13:08
4 - 3% - 10% - 1:43
PP Forward
1 - 52% - 60% - 3:58
2 - 48% - 40% - 3:43
PP Defense
1 - 55% - 60% - 4:13
2 - 45% - 40% - 3:28
PK Forward
1 - 78% - 60% - 2:32
2 - 22% - 40% - 0:43
PK Defense
1 - 66% - 60% - 2:09
2 - 34% - 40% - 1:06
PK3 Forward
1 - 0% - 60%
2 - 0% - 40%
PK3 Defense
1 - 0% - 60%
2 - 0% - 40%
44 Forward
1 - 0% - 60%
2 - 0% - 40%
44 Defense
1 - 0% - 60%
2 - 0% - 40%
Last Minute Offensive  - 0:00
Last Minute Defensive  - 0:00
Total
Forward - 60:00
Defense - 60:00

Play-by-Play

1st period


0:01 of 1st period - Sean Monahan wins face-off versus Steven Stamkos in neutral zone.
0:05 of 1st period - Kris Russell is hit by Vladislav Namestnikov and loses puck.
0:20 of 1st period - Shot by Filip Forsberg.
0:20 of 1st period - Stopped by Corey Crawford without a rebound.
0:21 of 1st period - Erik Haula wins face-off versus J.T. Miller in Predators zone.
0:22 of 1st period - Shot by David Pastrnak.
0:22 of 1st period - Shot Misses the Net.
0:26 of 1st period - Shot by David Pastrnak.
0:26 of 1st period - Stopped by Corey Crawford with a rebound.
0:28 of 1st period - Shot by Paul Martin.
0:28 of 1st period - Stopped by Corey Crawford without a rebound.
0:29 of 1st period - Phillip Danault wins face-off versus Kyle Brodziak in Predators zone.
0:31 of 1st period - Icing by Nikita Zadorov.
0:32 of 1st period - Kyle Brodziak wins face-off versus Phillip Danault in Predators zone.
0:32 of 1st period - Thomas Hickey is hit by Nikita Zadorov.
0:37 of 1st period - J.T. Compher is hit by Micheal Ferland and loses puck.
0:50 of 1st period - Shot by Phillip Danault.
0:50 of 1st period - Stopped by Roberto Luongo without a rebound.
0:51 of 1st period - Erik Haula wins face-off versus J.T. Miller in RedWings zone.
1:06 of 1st period - Shot by David Pastrnak.
1:06 of 1st period - Shot Misses the Net.
1:19 of 1st period - Shot by Max Pacioretty.
1:19 of 1st period - Shot Misses the Net.
1:29 of 1st period - Shot by Elias Lindholm.
1:29 of 1st period - Stopped by Roberto Luongo with a rebound.
1:31 of 1st period - Shot by Elias Lindholm.
1:31 of 1st period - Stopped by Roberto Luongo without a rebound.
1:32 of 1st period - Steven Stamkos wins face-off versus Filip Forsberg in RedWings zone.
1:32 of 1st period - Steven Stamkos is hit by Kris Russell.
1:42 of 1st period - Shot by Steven Stamkos.
1:42 of 1st period - Stopped by Roberto Luongo with a rebound.
2:13 of 1st period - Icing by Steven Stamkos.
2:14 of 1st period - Steven Stamkos wins face-off versus Kyle Brodziak in Predators zone.
2:54 of 1st period - Antoine Roussel is hit by Ben Lovejoy and loses puck.
3:15 of 1st period - Kyle Brodziak is hit by Phillip Danault and loses puck.
3:41 of 1st period - Shot by Jaden Schwartz.
3:41 of 1st period - Shot Misses the Net.
4:09 of 1st period - Icing by Oscar Klefbom.
4:10 of 1st period - Sean Monahan wins face-off versus Elias Lindholm in Predators zone.
4:15 of 1st period - Shot by Jonathan Drouin.
4:15 of 1st period - Shot Misses the Net.
5:06 of 1st period - Minor Penalty to Filip Forsberg for Hooking.
5:07 of 1st period - Tyler Toffoli wins face-off versus Vladislav Namestnikov in RedWings zone.
5:07 of 1st period - Tyler Toffoli is hit by Colton Sissons.
5:34 of 1st period - Icing by Roman Josi.
5:35 of 1st period - Sean Monahan wins face-off versus Vladislav Namestnikov in Predators zone.
5:46 of 1st period - Shot by Oliver Ekman-Larsson.
5:46 of 1st period - Stopped by Roberto Luongo without a rebound.
5:47 of 1st period - Steven Stamkos wins face-off versus Sean Monahan in RedWings zone.
6:12 of 1st period - Shot by Nikita Zadorov.
6:12 of 1st period - Stopped by Roberto Luongo with a rebound.
6:14 of 1st period - Shot by Oscar Klefbom.
6:14 of 1st period - Stopped by Roberto Luongo without a rebound.
6:15 of 1st period - Sean Monahan wins face-off versus Vladislav Namestnikov in RedWings zone.
6:28 of 1st period - Shot by Roman Josi.
6:28 of 1st period - Stopped by Roberto Luongo without a rebound.
6:29 of 1st period - Steven Stamkos wins face-off versus Sean Monahan in RedWings zone.
7:06 of 1st period - Shot by Steven Stamkos.
7:06 of 1st period - Shot Misses the Net.
7:13 of 1st period - Jake Gardiner is hit by Oliver Ekman-Larsson and loses puck.
8:02 of 1st period - Shot by Erik Haula.
8:02 of 1st period - Shot Blocked by Roman Josi.
8:04 of 1st period - Shot by Erik Haula.
8:04 of 1st period - Stopped by Corey Crawford with a rebound.
8:06 of 1st period - Shot by Erik Haula.
8:06 of 1st period - Shot Misses the Net.
8:08 of 1st period - Shot by Andrew Cogliano.
8:08 of 1st period - Stopped by Corey Crawford without a rebound.
8:09 of 1st period - Steven Stamkos wins face-off versus Sean Monahan in Predators zone.
8:11 of 1st period - Icing by Kyle Connor.
8:12 of 1st period - Steven Stamkos wins face-off versus Filip Forsberg in Predators zone.
8:18 of 1st period - Vladislav Namestnikov is hit by Dennis Seidenberg and loses puck.
8:34 of 1st period - Sean Monahan is hit by Steven Stamkos and loses puck.
8:45 of 1st period - Shot by Sean Monahan.
8:45 of 1st period - Shot Misses the Net.
8:47 of 1st period - Shot by Paul Martin.
8:47 of 1st period - Stopped by Corey Crawford without a rebound.
8:48 of 1st period - J.T. Miller wins face-off versus Kyle Brodziak in Predators zone.
9:08 of 1st period - Off-side.
9:09 of 1st period - Erik Haula wins face-off versus Colton Sissons in neutral zone.
9:38 of 1st period - Shot by Antoine Roussel.
9:38 of 1st period - Deflect By Tyler Pitlick.
9:38 of 1st period - Shot Misses the Net.
9:40 of 1st period - Shot by Antoine Roussel.
9:40 of 1st period - Shot Misses the Net.
9:55 of 1st period - Oliver Ekman-Larsson is hit by David Pastrnak.
10:38 of 1st period - Shot by Sean Monahan.
10:38 of 1st period - Shot Blocked by Oscar Klefbom.
11:27 of 1st period - Shot by Kyle Brodziak.
11:27 of 1st period - Shot Misses the Net.
11:41 of 1st period - Shot by Kyle Brodziak.
11:41 of 1st period - Deflect By Micheal Ferland.
11:41 of 1st period - Shot Blocked by Nikita Zadorov.
12:19 of 1st period - Icing by Jake Gardiner.
12:20 of 1st period - Sean Monahan wins face-off versus Phillip Danault in RedWings zone.
12:29 of 1st period - Jake Gardiner is hit by Phillip Danault and loses puck.
12:48 of 1st period - Shot by Jaden Schwartz.
12:48 of 1st period - Shot Blocked by Thomas Hickey.
12:50 of 1st period - Shot by J.T. Compher.
12:50 of 1st period - Shot Misses the Net.
12:52 of 1st period - Shot by Phillip Danault.
12:52 of 1st period - Stopped by Roberto Luongo without a rebound.
12:53 of 1st period - Kyle Brodziak wins face-off versus Steven Stamkos in RedWings zone.
12:53 of 1st period - Kyle Brodziak is hit by Vladislav Namestnikov.
13:13 of 1st period - Shot by Micheal Ferland.
13:13 of 1st period - Stopped by Corey Crawford without a rebound.
13:14 of 1st period - Erik Haula wins face-off versus Colton Sissons in Predators zone.
13:17 of 1st period - Shot by David Pastrnak.
13:17 of 1st period - Stopped by Corey Crawford without a rebound.
13:18 of 1st period - Phillip Danault wins face-off versus Erik Haula in Predators zone.
13:31 of 1st period - Shot by J.T. Compher.
13:31 of 1st period - Stopped by Roberto Luongo without a rebound.
13:32 of 1st period - Micheal Ferland wins face-off versus Steven Stamkos in RedWings zone.
14:00 of 1st period - Shot by Steven Stamkos.
14:00 of 1st period - Stopped by Roberto Luongo with a rebound.
14:34 of 1st period - Shot by Sean Monahan.
14:34 of 1st period - Stopped by Corey Crawford without a rebound.
14:35 of 1st period - Phillip Danault wins face-off versus Erik Haula in Predators zone.
14:55 of 1st period - Phillip Danault is hit by Thomas Hickey and loses puck.
15:03 of 1st period - Erik Haula is hit by Connor Murphy.
15:05 of 1st period - Shot by David Pastrnak.
15:05 of 1st period - Stopped by Corey Crawford without a rebound.
15:06 of 1st period - J.T. Miller wins face-off versus Sean Monahan in Predators zone.
15:44 of 1st period - Off-side.
15:45 of 1st period - Steven Stamkos wins face-off versus Erik Haula in neutral zone.
15:53 of 1st period - Icing by Andrew Cogliano.
15:54 of 1st period - Kyle Connor wins face-off versus Erik Haula in RedWings zone.
15:59 of 1st period - Shot by Vladislav Namestnikov.
15:59 of 1st period - Stopped by Roberto Luongo without a rebound.
16:00 of 1st period - Erik Haula wins face-off versus Steven Stamkos in RedWings zone.
17:04 of 1st period - Shot by Max Pacioretty.
17:04 of 1st period - Shot Misses the Net.
17:19 of 1st period - J.T. Miller is hit by Jake Gardiner and loses puck.
17:26 of 1st period - Shot by Elias Lindholm.
17:26 of 1st period - Stopped by Roberto Luongo without a rebound.
17:27 of 1st period - Kyle Brodziak wins face-off versus Phillip Danault in RedWings zone.
17:58 of 1st period - Shot by Jaden Schwartz.
17:58 of 1st period - Shot Misses the Net.
18:00 of 1st period - Shot by Roman Josi.
18:00 of 1st period - Stopped by Roberto Luongo without a rebound.
18:01 of 1st period - Sean Monahan wins face-off versus Steven Stamkos in RedWings zone.
18:35 of 1st period - Shot by Filip Forsberg.
18:35 of 1st period - Shot Misses the Net.
18:37 of 1st period - Shot by Kris Russell.
18:37 of 1st period - Shot Blocked by Oliver Ekman-Larsson.
18:39 of 1st period - Shot by Filip Forsberg.
18:39 of 1st period - Stopped by Corey Crawford without a rebound.
18:40 of 1st period - Elias Lindholm wins face-off versus Kyle Brodziak in Predators zone.
19:37 of 1st period - Shot by Jaden Schwartz.
19:37 of 1st period - Deflect By Phillip Danault.
19:37 of 1st period - Shot Blocked by Ben Lovejoy.
19:59 of 1st period - Shot by Phillip Danault.
19:59 of 1st period - Shot Misses the Net.
Goals for this period are 0 for RedWings vs 0 for Predators.
Shots for this period are 11 for RedWings vs 14 for Predators.

2nd period


0:01 of 2nd period - Steven Stamkos wins face-off versus Sean Monahan in neutral zone.
2:34 of 2nd period - Shot by Jaden Schwartz.
2:34 of 2nd period - Stopped by Roberto Luongo without a rebound.
2:35 of 2nd period - Phillip Danault wins face-off versus Jonathan Drouin in RedWings zone.
2:36 of 2nd period - Shot by Oliver Ekman-Larsson.
2:36 of 2nd period - Stopped by Roberto Luongo without a rebound.
2:37 of 2nd period - Sean Monahan wins face-off versus Steven Stamkos in RedWings zone.
4:06 of 2nd period - Dennis Seidenberg beats up Oliver Ekman-Larsson.
4:06 of 2nd period - Penalty to Oliver Ekman-Larsson for Fighting.
4:06 of 2nd period - Penalty to Dennis Seidenberg for Fighting.
4:07 of 2nd period - Sam Gagner wins face-off versus Phillip Danault in neutral zone.
4:13 of 2nd period - Off-side.
4:14 of 2nd period - Phillip Danault wins face-off versus Tyler Toffoli in neutral zone.
4:19 of 2nd period - Shot by Jaden Schwartz.
4:19 of 2nd period - Shot Misses the Net.
4:34 of 2nd period - Icing by Eric Gryba.
4:35 of 2nd period - J.T. Miller wins face-off versus Sean Monahan in RedWings zone.
4:38 of 2nd period - Shot by Elias Lindholm.
4:38 of 2nd period - Shot Blocked by Jake Gardiner.
4:40 of 2nd period - Shot by Elias Lindholm.
4:40 of 2nd period - Shot Blocked by Jake Gardiner.
4:44 of 2nd period - Shot by Max Pacioretty.
4:44 of 2nd period - Stopped by Roberto Luongo without a rebound.
4:45 of 2nd period - Steven Stamkos wins face-off versus Erik Haula in RedWings zone.
5:54 of 2nd period - Shot by Sean Monahan.
5:54 of 2nd period - Stopped by Corey Crawford without a rebound.
5:55 of 2nd period - J.T. Compher wins face-off versus Sean Monahan in Predators zone.
5:55 of 2nd period - J.T. Compher is hit by Loui Eriksson.
6:25 of 2nd period - Shot by Jaden Schwartz.
6:25 of 2nd period - Shot Misses the Net.
7:23 of 2nd period - Shot by Micheal Ferland.
7:23 of 2nd period - Stopped by Corey Crawford without a rebound.
7:24 of 2nd period - Erik Haula wins face-off versus Kyle Connor in Predators zone.
7:27 of 2nd period - Shot by David Pastrnak.
7:27 of 2nd period - Stopped by Corey Crawford with a rebound.
7:40 of 2nd period - Kyle Connor is hit by Eric Gryba and loses puck.
7:55 of 2nd period - Shot by Kyle Connor.
7:55 of 2nd period - Shot Misses the Net.
7:57 of 2nd period - Shot by Steven Stamkos.
7:57 of 2nd period - Stopped by Roberto Luongo with a rebound.
7:59 of 2nd period - Shot by Kyle Connor.
7:59 of 2nd period - Goal by Kyle Connor - RedWings : 0 - Predators : 1.
8:00 of 2nd period - Colton Sissons wins face-off versus Sean Monahan in neutral zone.
8:00 of 2nd period - Minor Penalty to Jonathan Drouin for Slashing.
8:01 of 2nd period - Vladislav Namestnikov wins face-off versus Sean Monahan in RedWings zone.
8:36 of 2nd period - Shot by Vladislav Namestnikov.
8:36 of 2nd period - Stopped by Roberto Luongo with a rebound.
9:00 of 2nd period - Shot by Elias Lindholm.
9:00 of 2nd period - Stopped by Roberto Luongo without a rebound.
9:01 of 2nd period - Steven Stamkos wins face-off versus Sean Monahan in RedWings zone.
9:02 of 2nd period - Shot by Roman Josi.
9:02 of 2nd period - Shot Misses the Net.
9:22 of 2nd period - Shot by J.T. Miller.
9:22 of 2nd period - Stopped by Roberto Luongo without a rebound.
9:23 of 2nd period - Filip Forsberg wins face-off versus Vladislav Namestnikov in RedWings zone.
9:38 of 2nd period - Shot by Nikita Zadorov.
9:38 of 2nd period - Shot Blocked by Tyler Toffoli.
9:40 of 2nd period - Shot by Colton Sissons.
9:40 of 2nd period - Stopped by Roberto Luongo with a rebound.
9:42 of 2nd period - Shot by Vladislav Namestnikov.
9:42 of 2nd period - Stopped by Roberto Luongo with a rebound.
9:44 of 2nd period - Shot by Oscar Klefbom.
9:44 of 2nd period - Goal by Oscar Klefbom - RedWings : 0 - Predators : 2.
9:45 of 2nd period - J.T. Miller wins face-off versus Micheal Ferland in neutral zone.
10:17 of 2nd period - Shot by Max Pacioretty.
10:17 of 2nd period - Shot Misses the Net.
10:19 of 2nd period - Shot by Elias Lindholm.
10:19 of 2nd period - Goal by Elias Lindholm - RedWings : 0 - Predators : 3.
10:20 of 2nd period - Phillip Danault wins face-off versus Sean Monahan in neutral zone.
11:20 of 2nd period - Steven Stamkos is hit by Dennis Seidenberg.
11:36 of 2nd period - Shot by Kyle Connor.
11:36 of 2nd period - Shot Misses the Net.
11:38 of 2nd period - Shot by Steven Stamkos.
11:38 of 2nd period - Stopped by Roberto Luongo without a rebound.
11:39 of 2nd period - J.T. Miller wins face-off versus Kyle Brodziak in RedWings zone.
13:33 of 2nd period - Shot by Colton Sissons.
13:33 of 2nd period - Stopped by Roberto Luongo with a rebound.
13:34 of 2nd period - Minor Penalty to Eric Gryba for Roughing.
13:35 of 2nd period - Filip Forsberg wins face-off versus Vladislav Namestnikov in RedWings zone.
13:35 of 2nd period - Filip Forsberg is hit by Vladislav Namestnikov.
13:40 of 2nd period - Off-side.
13:41 of 2nd period - Steven Stamkos wins face-off versus Jonathan Drouin in neutral zone.
14:02 of 2nd period - Shot by Oliver Ekman-Larsson.
14:02 of 2nd period - Stopped by Roberto Luongo without a rebound.
14:03 of 2nd period - Vladislav Namestnikov wins face-off versus Sean Monahan in RedWings zone.
14:36 of 2nd period - Shot by Colton Sissons.
14:36 of 2nd period - Stopped by Roberto Luongo without a rebound.
14:37 of 2nd period - Steven Stamkos wins face-off versus Sean Monahan in RedWings zone.
14:40 of 2nd period - Shot by Steven Stamkos.
14:40 of 2nd period - Deflect By J.T. Miller.
14:40 of 2nd period - Shot Misses the Net.
15:22 of 2nd period - Off-side.
15:23 of 2nd period - Vladislav Namestnikov wins face-off versus Sean Monahan in neutral zone.
15:30 of 2nd period - Shot by Jaden Schwartz.
15:30 of 2nd period - Shot Misses the Net.
15:40 of 2nd period - Micheal Ferland is hit by Jaden Schwartz and loses puck.
15:45 of 2nd period - Shot by Jaden Schwartz.
15:45 of 2nd period - Shot Blocked by Thomas Hickey.
15:47 of 2nd period - Shot by Phillip Danault.
15:47 of 2nd period - Stopped by Roberto Luongo with a rebound.
15:55 of 2nd period - Shot by Phillip Danault.
15:55 of 2nd period - Stopped by Roberto Luongo without a rebound.
15:56 of 2nd period - Andrew Cogliano wins face-off versus Colton Sissons in RedWings zone.
17:08 of 2nd period - Sam Gagner is hit by Shea Theodore and loses puck.
17:29 of 2nd period - Shot by Steven Stamkos.
17:29 of 2nd period - Shot Misses the Net.
17:42 of 2nd period - Sean Monahan is hit by Oliver Ekman-Larsson and loses puck.
18:08 of 2nd period - Icing by Elias Lindholm.
18:09 of 2nd period - Erik Haula wins face-off versus J.T. Miller in Predators zone.
18:28 of 2nd period - Shot by Connor Murphy.
18:28 of 2nd period - Stopped by Roberto Luongo without a rebound.
18:29 of 2nd period - Kyle Brodziak wins face-off versus Phillip Danault in RedWings zone.
19:03 of 2nd period - Icing by Roman Josi.
19:04 of 2nd period - Sean Monahan wins face-off versus Jaden Schwartz in Predators zone.
19:07 of 2nd period - Shot by Filip Forsberg.
19:07 of 2nd period - Shot Misses the Net.
19:41 of 2nd period - Shot by Steven Stamkos.
19:41 of 2nd period - Shot Blocked by Kris Russell.
19:59 of 2nd period - Shot by Steven Stamkos.
19:59 of 2nd period - Shot Hit the Post.
Goals for this period are 0 for RedWings vs 3 for Predators.
Shots for this period are 3 for RedWings vs 19 for Predators.

3rd period


0:01 of 3rd period - Sean Monahan wins face-off versus Steven Stamkos in neutral zone.
0:01 of 3rd period - Sean Monahan is hit by Vladislav Namestnikov.
0:32 of 3rd period - Filip Forsberg is hit by Oscar Klefbom and loses puck.
1:20 of 3rd period - Shot by Andrew Cogliano.
1:20 of 3rd period - Shot Blocked by Oliver Ekman-Larsson.
3:28 of 3rd period - Shot by Vladislav Namestnikov.
3:28 of 3rd period - Stopped by Roberto Luongo with a rebound.
4:15 of 3rd period - Shot by Elias Lindholm.
4:15 of 3rd period - Shot Hit the Post.
4:20 of 3rd period - Icing by Erik Haula.
4:21 of 3rd period - Erik Haula wins face-off versus Phillip Danault in RedWings zone.
5:16 of 3rd period - Off-side.
5:17 of 3rd period - Steven Stamkos wins face-off versus Filip Forsberg in neutral zone.
5:26 of 3rd period - Shot by Steven Stamkos.
5:26 of 3rd period - Shot Blocked by Jake Gardiner.
5:32 of 3rd period - Shot by Jonathan Drouin.
5:32 of 3rd period - Shot Hit the Post.
5:34 of 3rd period - Shot by Filip Forsberg.
5:34 of 3rd period - Shot Misses the Net.
5:40 of 3rd period - Shot by Filip Forsberg.
5:40 of 3rd period - Stopped by Corey Crawford without a rebound.
5:41 of 3rd period - J.T. Miller wins face-off versus Sean Monahan in Predators zone.
6:44 of 3rd period - Icing by Ben Lovejoy.
6:45 of 3rd period - Sean Monahan wins face-off versus Phillip Danault in RedWings zone.
6:47 of 3rd period - Icing by Tyler Toffoli.
6:48 of 3rd period - Sean Monahan wins face-off versus Steven Stamkos in RedWings zone.
6:48 of 3rd period - Thomas Hickey is hit by Vladislav Namestnikov and loses puck.
7:24 of 3rd period - Shot by Steven Stamkos.
7:24 of 3rd period - Stopped by Roberto Luongo without a rebound.
7:25 of 3rd period - J.T. Miller wins face-off versus David Pastrnak in RedWings zone.
7:28 of 3rd period - Shot by Elias Lindholm.
7:28 of 3rd period - Shot Misses the Net.
7:30 of 3rd period - Shot by Max Pacioretty.
7:30 of 3rd period - Stopped by Roberto Luongo without a rebound.
7:31 of 3rd period - Erik Haula wins face-off versus J.T. Miller in RedWings zone.
7:36 of 3rd period - Shot by David Pastrnak.
7:36 of 3rd period - Stopped by Corey Crawford without a rebound.
7:37 of 3rd period - Erik Haula wins face-off versus J.T. Miller in Predators zone.
7:39 of 3rd period - Minor Penalty to Oliver Ekman-Larsson for Interference.
7:40 of 3rd period - Steven Stamkos wins face-off versus Erik Haula in Predators zone.
8:09 of 3rd period - Shot by Jake Gardiner.
8:09 of 3rd period - Stopped by Corey Crawford without a rebound.
8:10 of 3rd period - Sean Monahan wins face-off versus Steven Stamkos in Predators zone.
8:32 of 3rd period - Sean Monahan is hit by Nikita Zadorov and loses puck.
8:43 of 3rd period - Shot by Filip Forsberg.
8:43 of 3rd period - Shot Misses the Net.
9:06 of 3rd period - Shot by Elias Lindholm.
9:06 of 3rd period - Shot Misses the Net.
9:18 of 3rd period - Shot by Kris Russell.
9:18 of 3rd period - Stopped by Corey Crawford without a rebound.
9:19 of 3rd period - Sean Monahan wins face-off versus Phillip Danault in Predators zone.
9:22 of 3rd period - Shot by Filip Forsberg.
9:22 of 3rd period - Shot Misses the Net.
9:24 of 3rd period - Shot by Sean Monahan.
9:24 of 3rd period - Stopped by Corey Crawford without a rebound.
9:25 of 3rd period - Erik Haula wins face-off versus Elias Lindholm in Predators zone.
9:43 of 3rd period - Shot by Colton Sissons.
9:43 of 3rd period - Stopped by Roberto Luongo without a rebound.
9:44 of 3rd period - Phillip Danault wins face-off versus Kyle Brodziak in RedWings zone.
9:49 of 3rd period - Shot by J.T. Compher.
9:49 of 3rd period - Shot Misses the Net.
9:54 of 3rd period - Minor Penalty to Phillip Danault for Goalie Interference.
9:55 of 3rd period - Steven Stamkos wins face-off versus Sean Monahan in Predators zone.
10:14 of 3rd period - Roman Josi is hit by Filip Forsberg and loses puck.
11:10 of 3rd period - Shot by David Pastrnak.
11:10 of 3rd period - Goal by David Pastrnak - RedWings : 1 - Predators : 3.
11:11 of 3rd period - Kyle Brodziak wins face-off versus Phillip Danault in neutral zone.
11:18 of 3rd period - Shot by Micheal Ferland.
11:18 of 3rd period - Stopped by Corey Crawford with a rebound.
11:41 of 3rd period - Phillip Danault is hit by Ben Lovejoy and loses puck.
11:51 of 3rd period - Minor Penalty to Ben Lovejoy for Hooking.
11:52 of 3rd period - Steven Stamkos wins face-off versus Sean Monahan in RedWings zone.
12:17 of 3rd period - Kris Russell is hit by Steven Stamkos and loses puck.
13:07 of 3rd period - Icing by Nikita Zadorov.
13:08 of 3rd period - Filip Forsberg wins face-off versus Vladislav Namestnikov in Predators zone.
13:22 of 3rd period - Icing by Jaden Schwartz.
13:23 of 3rd period - Filip Forsberg wins face-off versus Vladislav Namestnikov in Predators zone.
13:38 of 3rd period - Shot by Oscar Klefbom.
13:38 of 3rd period - Shot Misses the Net.
13:40 of 3rd period - Shot by Colton Sissons.
13:40 of 3rd period - Stopped by Roberto Luongo with a rebound.
13:42 of 3rd period - Shot by Oscar Klefbom.
13:42 of 3rd period - Stopped by Roberto Luongo without a rebound.
13:43 of 3rd period - Sean Monahan wins face-off versus Steven Stamkos in RedWings zone.
13:48 of 3rd period - Shot by Oliver Ekman-Larsson.
13:48 of 3rd period - Stopped by Roberto Luongo with a rebound.
14:08 of 3rd period - Kyle Brodziak is hit by J.T. Miller.
14:17 of 3rd period - Shot by J.T. Miller.
14:17 of 3rd period - Shot Misses the Net.
14:43 of 3rd period - Shot by Andrew Cogliano.
14:43 of 3rd period - Shot Misses the Net.
15:01 of 3rd period - Shot by David Pastrnak.
15:01 of 3rd period - Stopped by Corey Crawford with a rebound.
15:36 of 3rd period - Off-side.
15:37 of 3rd period - Sean Monahan wins face-off versus Steven Stamkos in neutral zone.
15:39 of 3rd period - Off-side.
15:40 of 3rd period - Sean Monahan wins face-off versus Steven Stamkos in neutral zone.
15:57 of 3rd period - Shot by Filip Forsberg.
15:57 of 3rd period - Shot Misses the Net.
15:59 of 3rd period - Shot by Filip Forsberg.
15:59 of 3rd period - Deflect By Sean Monahan.
15:59 of 3rd period - Stopped by Corey Crawford without a rebound.
16:00 of 3rd period - Kyle Brodziak wins face-off versus Phillip Danault in Predators zone.
16:26 of 3rd period - Shot by J.T. Compher.
16:26 of 3rd period - Stopped by Roberto Luongo with a rebound.
16:28 of 3rd period - Shot by Jaden Schwartz.
16:28 of 3rd period - Shot Blocked by Kyle Brodziak.
16:30 of 3rd period - Shot by Phillip Danault.
16:30 of 3rd period - Deflect By Jaden Schwartz.
16:30 of 3rd period - Shot Blocked by Jake Gardiner.
17:01 of 3rd period - Shot by Steven Stamkos.
17:01 of 3rd period - Stopped by Roberto Luongo without a rebound.
17:02 of 3rd period - Colton Sissons wins face-off versus Sean Monahan in RedWings zone.
17:27 of 3rd period - Shot by Roman Josi.
17:27 of 3rd period - Stopped by Roberto Luongo without a rebound.
17:28 of 3rd period - Vladislav Namestnikov wins face-off versus Erik Haula in RedWings zone.
17:42 of 3rd period - Shot by David Pastrnak.
17:42 of 3rd period - Shot Misses the Net.
18:19 of 3rd period - Oliver Ekman-Larsson is hit by Erik Haula and loses puck.
18:48 of 3rd period - Shot by Jonathan Drouin.
18:48 of 3rd period - Deflect By Sean Monahan.
18:48 of 3rd period - Stopped by Corey Crawford without a rebound.
18:49 of 3rd period - J.T. Miller wins face-off versus Kyle Brodziak in Predators zone.
19:16 of 3rd period - Shot by J.T. Miller.
19:16 of 3rd period - Shot Misses the Net.
19:28 of 3rd period - Oscar Klefbom is hit by Kyle Brodziak and loses puck.
19:38 of 3rd period - Off-side.
19:39 of 3rd period - Phillip Danault wins face-off versus Jonathan Drouin in neutral zone.
19:58 of 3rd period - Icing by Paul Martin.
19:59 of 3rd period - Sean Monahan wins face-off versus Tyler Pitlick in RedWings zone.
19:59 of 3rd period - Sean Monahan is hit by Antoine Roussel.
Goals for this period are 1 for RedWings vs 0 for Predators.
Shots for this period are 10 for RedWings vs 10 for Predators.